 Dungeon Crawl Stone Soup version 0.21-a0-394-gdc75ea7 (webtiles) character file.

2308 StormFighter the Fighter (level 9, -16/79 HPs)
             Began as a Mummy Chaos Knight on Oct 18, 2017.
             Killed from afar by an orc priest (25 damage)
             ... with a wand of lightning (?/15)
             ... on level 6 of the Dungeon.
             The game lasted 00:15:58 (6863 turns).

StormFighter the Fighter (Mummy Chaos Knight)       Turns: 6863, Time: 00:15:59

Health: -16/79     AC: 11    Str: 17    XL:     9   Next: 18%
Magic:  9/9        EV:  8    Int: 11    God:    Xom [.*....]
Gold:   193        SH: 11    Dex: 13    Spells: 7/8 levels left

rFire    x . .     SeeInvis .   w - +1 war axe (freeze)
rCold    + . .     Gourm    .   t - +0 large shield
rNeg     + + +     Faith    .   l - +2 scale mail {rPois}
rPois    ∞         Spirit   .   f - +0 helmet
rElec    .         Reflect  .   n - +0 cloak
rCorr    .         Harm     .   k - +0 pair of gloves
MR       +....                  (no boots)
Stlth    ..........             (no amulet)
HPRegen  0.23/turn              s - +2 ring of evasion
MPRegen  0.11/turn              u - +2 ring of evasion

@: no status effects
A: no food or potions, fire vulnerability, cold resistance 1, negative energy
resistance 3, torment resistance, unbreathing
a: Renounce Religion


You were on level 6 of the Dungeon.
You worshipped Xom.
You were a plaything of Xom.
You were not hungry.

You visited 1 branch of the dungeon, and saw 6 of its levels.

You collected 193 gold pieces.

Inventory:

Hand Weapons
 a - a +0 hand axe of chaos
 b - a +3 mace
 m - a +2 quarterstaff of chaos
 w - a +1 war axe of freezing (weapon)
Missiles
 j - 5 tomahawks (quivered)
Armour
 f - a +0 helmet (worn)
 k - a +0 pair of gloves (worn)
 l - a +2 scale mail of poison resistance (worn)
 n - a +0 cloak (worn)
 t - a +0 large shield (worn)
Jewellery
 d - an uncursed ring of protection from magic
 s - a +2 ring of evasion (left hand)
 u - a +2 ring of evasion (right hand)
Wands
 p - a wand of polymorph (0/24)
 r - a wand of random effects (16/48)
Scrolls
 c - 4 scrolls of teleportation {unknown}
 e - 3 scrolls of remove curse
 g - 2 scrolls of amnesia {unknown}
 h - 7 scrolls of identify {unknown}
 o - 2 scrolls of enchant weapon {unknown}
 q - a scroll of magic mapping {unknown}
Books
 i - a book of Cantrips

   Spells                             Type                      Level
   a - Confusing Touch                Hexes                        1
   b - Animate Skeleton               Necromancy                   1
   c - Summon Small Mammal            Summoning                    1
   d - Apportation                    Translocation                1


   Skills:
 - Level 10.8 Fighting
 * Level 5.9 Axes
 - Level 1.5 Armour
 - Level 0.7 Dodging


You had 7 spell levels left.
You knew the following spells:

 Your Spells              Type           Power        Failure   Level  Hunger
a - Apportation           Tloc           #.....       100%        1    N/A

Dungeon Overview and Level Annotations

Branches:
Dungeon (6/15)
 Temple: D:4-7

Altars:
Fedhas
Makhleb
Yredelemnul
The Shining One

Annotations:
D:5 5 runed doors


Innate Abilities, Weirdness & Mutations

You do not eat or drink.
Your flesh is vulnerable to fire.
You are immune to poison.
Your flesh is cold resistant. (rC+)
You are immune to negative energy. (rN+++)
You are immune to unholy pain and torment.
You can survive without breathing.


Message History

You are too injured to fight recklessly!
You are too injured to fight recklessly!
You are too injured to fight recklessly!
You are too injured to fight recklessly!
You closely miss the orc priest.
The orc priest is severely wounded.
The orc priest invokes the aid of Beogh against you.
Beogh smites you!
* * * LOW HITPOINT WARNING * * *
A howler monkey comes into view.
The howler monkey howls!
You closely miss the orc priest.
The orc priest is severely wounded.
The orc priest hits you with a dagger.
* * * LOW HITPOINT WARNING * * *
The orc wizard casts a spell.
The orc wizard blinks!
The howler monkey moves out of view.
The orc priest zaps a wand.
The bolt of lightning hits you!
You die...
Xom thinks this is hilarious!

..........# '.......
..........# #.....
##.########### #...# #
##.########..###...###'#
.[))..........$.........
..............#.........
+####.........#........#
#.........#........#
##'##.....#.@.......
#..##....##.o.......
#..########.........
#..# .......o.# #..#
......###'# #..#
......§# .. ....
......... #####
#####......


You could see an orc priest and an orc wizard.

Vanquished Creatures
  A harpy (shapeshifter) (D:5)
  Grinder (D:5)
  Sigmund (D:5)
  An orc warrior (D:6)
  2 sky beasts
  A phantom (D:6)
  An ogre (D:6)
  5 centaurs
  A scorpion (D:4)
  2 crimson imps (D:5)
  An orc priest (D:3)
  Crazy Yiuf (D:3)
  2 hounds
  3 orc wizards (D:6)
  Ijyb (D:5)
  An iguana (D:6)
  2 worker ants (D:5)
  A hound skeleton (D:6)
  A howler monkey skeleton (D:6)
  9 adders
  3 gnolls (D:6)
  An ooze (D:5)
  An adder skeleton (D:5)
  7 worms
  3 dart slugs
  5 leopard geckos
  21 orcs
  4 giant cockroaches
  7 goblins
  2 hobgoblins
  9 jackals
  2 quokkas
  A ball python skeleton (D:5)
  5 bats
  3 frilled lizards (D:4)
  9 kobolds
  A quokka zombie (D:6)
  6 rats
128 creatures vanquished.

Vanquished Creatures (others)
  A phantom (D:5)
  An orc (D:6)
  A quokka (D:6)
3 creatures vanquished.

Grand Total: 131 creatures vanquished

Notes
Turn   | Place    | Note
-------+----------+-------------------------------------------
     0 | D:1      | StormFighter the Mummy Chaos Knight began the quest for the Orb.
     0 | D:1      | Reached XP level 1. HP: 18/18 MP: 1/1
   122 | D:1      | XOM: potion effect (might)
   155 | D:1      | Reached XP level 2. HP: 19/24 MP: 2/2
   305 | D:1      | XOM: harmless Air miscast
   805 | D:1      | XOM: medium Tmut miscast
   929 | D:2      | XOM: noise
   948 | D:1      | HP: 1/24 [worm (8)]
  1028 | D:1      | XOM: silly message
  1359 | D:2      | XOM: confuse monster(s)
  1422 | D:2      | Reached XP level 3. HP: 27/29 MP: 3/3
  1567 | D:2      | XOM: mild Conj miscast
  1637 | D:2      | XOM: god gift: book of Cantrips
  1641 | D:2      | Learned a level 1 spell: Apportation
  1802 | D:2      | Found a blossoming altar of Fedhas.
  1812 | D:2      | Found a basalt altar of Yredelemnul.
  1928 | D:2      | XOM: god gift: pair of gloves {god gift}
  1991 | D:2      | Reached XP level 4. HP: 11/35 MP: 4/4
  2281 | D:2      | XOM: god gift: scroll labeled CAFORCH ULUAHAU {god gift}
  2388 | D:2      | XOM: cloud trail
  2426 | D:3      | XOM: god gift: glowing scale mail {god gift}
  2583 | D:3      | Found a burning altar of Makhleb.
  2583 | D:3      | XOM: 2-stop teleportation journey
  2748 | D:3      | Reached XP level 5. HP: 21/41 MP: 5/5
  3081 | D:3      | Reached skill level 5 in Axes
  3092 | D:3      | XOM: 5-stop teleportation journey
  3487 | D:3      | Found a runed door.
  3491 | D:3      | Noticed Crazy Yiuf
  3492 | D:3      | XOM: divination: detect items
  3497 | D:3      | Killed Crazy Yiuf
  3613 | D:4      | Reached skill level 4 in Fighting
  3783 | D:4      | XOM: scenery: 1 doors open
  3796 | D:4      | Reached XP level 6. HP: 38/49 MP: 6/6
  3881 | D:4      | XOM: scenery: 1 doors close
  4177 | D:4      | XOM: harmless Air miscast
  4188 | D:5      | Entered Level 5 of the Dungeon
  4221 | D:5      | XOM: divination: magic mapping
  4269 | D:5      | XOM: harmless Hex miscast
  4272 | D:5      | XOM: confusion
  4274 | D:5      | XOM: divine lightning
  4286 | D:5      | Noticed a sky beast
  4287 | D:5      | Noticed a sky beast
  4295 | D:5      | XOM: enchant monster (good)
  4330 | D:5      | XOM: god gift: 7 stones
  4367 | D:4      | Killed a sky beast
  4367 | D:4      | Reached skill level 5 in Fighting
  4519 | D:4      | XOM: god gift: bread ration
  4642 | D:4      | Noticed a wyvern
  4642 | D:4      | a sky beast changed into a wyvern
  4642 | D:4      | XOM: polymorph sky beast -> wyvern
  4646 | D:4      | a wyvern changed into a centaur
  4649 | D:4      | Reached XP level 7. HP: 5/57 MP: 7/7
  4907 | D:4      | XOM: scenery: 1 doors close
  4911 | D:5      | Reached skill level 6 in Fighting
  4931 | D:5      | Noticed Ijyb
  4935 | D:5      | Killed Ijyb
  4965 | D:5      | Noticed Sigmund
  4970 | D:5      | XOM: fog
  4971 | D:5      | XOM: scenery: 1 doors open
  4974 | D:5      | XOM: cleaving
  4979 | D:5      | Killed Sigmund
  4997 | D:5      | Reached skill level 7 in Fighting
  5075 | D:5      | Found a glowing golden altar of the Shining One.
  5222 | D:5      | Noticed Grinder
  5224 | D:5      | Paralysed by Grinder for 7 turns
  5248 | D:5      | Paralysed by Grinder for 2 turns
  5255 | D:5      | XOM: divination: detect items
  5257 | D:5      | Killed Grinder
  5257 | D:5      | Reached skill level 8 in Fighting
  5257 | D:5      | Reached XP level 8. HP: 57/69 MP: 8/8
  5286 | D:5      | Found a runed door.
  5288 | D:5      | Found a runed gate.
  5293 | D:5      | XOM: summons 3 hostile demons
  5294 | D:5      | Noticed an orange demon
  5295 | D:5      | Found a runed door.
  5297 | D:5      | Found the +9 staff of Olgreb {rPois}
  5316 | D:5      | Found a runed gate.
  5327 | D:5      | Found a runed gate.
  5430 | D:5      | Reached skill level 9 in Fighting
  5637 | D:6      | XOM: chaos upgrade
  5648 | D:6      | XOM: fog
  5845 | D:6      | XOM: stat loss: -1 Dex (11/12)
  5850 | D:6      | XOM: fog
  6117 | D:5      | XOM: polymorph something unseen -> golden eye
  6129 | D:5      | Noticed a harpy
  6129 | D:5      | a golden eye changed into a harpy
  6133 | D:5      | XOM: fog
  6136 | D:5      | Killed a harpy
  6136 | D:5      | Reached skill level 10 in Fighting
  6136 | D:5      | Reached XP level 9. HP: 31/79 MP: 9/9
  6463 | D:6      | XOM: harmless Summ miscast
  6529 | D:6      | XOM: silly message
  6530 | D:6      | XOM: summons 1 hostile shadow creature
  6536 | D:6      | XOM: confusion
  6551 | D:6      | XOM: harmless Ice miscast
  6863 | D:6      | Killed from afar by an orc priest

Vault maps used:
D:1:      saegor_arrival_simple_c, minmay_tree_intersection,
          hangedman_feature_mirror
D:2:      lemuel_crystal_altar, fedhas_altar_2
D:3:      nicolae_overflow_crystal_walls, uniq_crazy_yiuf_cottage
D:4:      first_bread
D:5:      minmay_diamond_boxcup, tso_oasis_becter,
          minmay_guarded_unrand_staff_of_olgreb, uniq_grinder, uniq_ijyb,
          uniq_sigmund
D:6:      lemuel_coloured_pillars_altar, old_standard_altar,
          minmay_temple_entry_overgrown, grunt_gozag_breadcrumbs, uniq_eustachio

Skill      XL: |  1  2  3  4  5  6  7  8 |
---------------+-------------------------+-----
Axes           | 3 4 5 |  5.9
Fighting       | 4 5 8 10 | 10.8
Armour         | |  1.5
Dodging        | |  0.7

Action                   |  1- 3 |  4- 6 |  7- 9 || total
-------------------------+-------+-------+-------++-------
Melee: Hand axe          |   134 |   116 |       ||   250
       Quarterstaff      |       |    67 |   120 ||   187
       War axe           |       |       |    57 ||    57
Throw: Tomahawk          |     2 |       |       ||     2
Evoke: Wand              |       |     3 |     3 ||     6
  Use: Scroll            |       |     2 |     1 ||     3
 Stab: Confused          |     2 |       |       ||     2
       Sleeping          |     1 |       |       ||     1
       Petrifying        |       |     3 |       ||     3
       Petrified         |       |     1 |       ||     1
       Paralysed         |       |     3 |       ||     3
Armor: Leather armour    |    40 |     5 |       ||    45
       Scale mail        |       |   103 |   113 ||   216
Dodge: Dodged            |    62 |    82 |   110 ||   254
Block: Large shield      |       |       |    38 ||    38

Table legend:
 A = Spawn XP
 B = Non-spawn XP
 C = Spawn XP percentage of total XP
 D = Spawn monster count
 E = Non-spawn monster count
 F = Spawn count percentage of total count
 G = Total turns spent on level
                    A         B        C        D         E        F      G
               +---------+---------+-------+---------+---------+-------+---------
         Total |       0 |    3298 |   0.0 |       0 |     130 |   0.0 |  6863
               +---------+---------+-------+---------+---------+-------+---------
           D:1 |       0 |      23 |   0.0 |       0 |      11 |   0.0 |  1145
           D:2 |       0 |      85 |   0.0 |       0 |      28 |   0.0 |  1280
           D:3 |       0 |     188 |   0.0 |       0 |      30 |   0.0 |  1282
           D:4 |       0 |     393 |   0.0 |       0 |      13 |   0.0 |  1058
           D:5 |       0 |    1829 |   0.0 |       0 |      21 |   0.0 |  1557
           D:6 |       0 |     780 |   0.0 |       0 |      27 |   0.0 |   541
               +---------+---------+-------+---------+---------+-------+---------
